 Dungeon Crawl Stone Soup version 0.29-a0-414-g5075937ec3 (webtiles) character file.

Game seed: 14251913743007790013

6 bande the Cleaver (level 1, 0/20 HPs)
             Began as a Gnoll Wanderer on May 16, 2022.
             Slain by a kobold
             ... wielding a +3 dagger
              (4 damage)
             ... on level 1 of the Dungeon.
             The game lasted 00:00:37 (142 turns).

bande the Cleaver (Gnoll Wanderer)                   Turns: 142, Time: 00:00:38

Health: 0/20       AC:  6    Str: 11    XL:     1   Next: 90%
Magic:  1/1        EV: 10    Int: 11    God:
Gold:   8          SH:  0    Dex: 11    Spells: 0/0 levels left

rFire   . . .      SeeInvis .   a - +2 hand axe
rCold   . . .      Faith    .   (no shield)
rNeg    . . .      Spirit   .   c - +0 ring mail
rPois   .          Reflect  .   (no helmet)
rElec   .          Harm     .   g - +0 cloak
rCorr   .          Rampage  .   (no gloves)
Will    .....                   (no boots)
Stlth   +.........              (no amulet)
HPRegen 0.06/turn               (no ring)
MPRegen 0.07/turn               (no ring)

@: no status effects
A: fangs 1, strong nose, distributed training
a: no special abilities


You were on level 1 of the Dungeon.
You visited 1 branch of the dungeon, and saw 1 of its levels.

You collected 8 gold pieces.

Inventory:

Hand Weapons
 a - a +2 hand axe (weapon)
 b - a +0 shortbow
Armour
 c - a +0 ring mail (worn)
 g - a +0 cloak (worn)
Scrolls
 d - a scroll of blinking
 f - a scroll of teleportation {unknown}
Potions
 e - a potion of mutation {unknown}


   Skills:
 + Level 4.4 Fighting
 + Level 0.2 Short Blades
 + Level 0.2 Long Blades
 + Level 8.4 Axes
 + Level 0.2 Maces & Flails
 + Level 0.2 Polearms
 + Level 0.2 Staves
 + Level 0.2 Slings
 + Level 4.4 Bows
 + Level 0.2 Crossbows
 + Level 0.2 Throwing
 + Level 2.4 Armour
 + Level 0.2 Dodging
 + Level 0.2 Stealth
 + Level 0.2 Shields
 + Level 0.2 Unarmed Combat
 + Level 0.2 Spellcasting
 + Level 0.1 Conjurations
 + Level 0.1 Hexes
 + Level 0.1 Summonings
 + Level 0.1 Necromancy
 + Level 0.1 Translocations
 + Level 0.1 Transmutations
 + Level 0.1 Fire Magic
 + Level 0.1 Ice Magic
 + Level 0.1 Air Magic
 + Level 0.1 Earth Magic
 + Level 0.1 Poison Magic
 + Level 0.3 Invocations
 + Level 2.4 Evocations


You couldn't memorise any spells.
You didn't know any spells.
Your spell library was empty.

Dungeon Overview and Level Annotations

Branches:
Dungeon (1/15)

Altars:


Innate Abilities, Weirdness & Mutations

You have very sharp teeth.
Your uncanny sense of smell can sniff out nearby items.
Your experience applies equally to all skills.


Message History

The kobold barely misses you. The kobold hits you with a +3 dagger.
You shoot an arrow. The arrow misses the kobold.
The arrow closely misses the ball python.
The kobold hits you with a +3 dagger.
You shoot an arrow. The arrow hits the rat.
You kill the rat!
The kobold misses you. The kobold hits you with a +3 dagger.
You shoot an arrow. The arrow barely misses the kobold.
The arrow hits the ball python!
You kill the ball python!
A kobold comes into view. It is wielding a +0 club.
The kobold hits you with a +3 dagger.
You shoot an arrow. The arrow closely misses the kobold.
The kobold hits you with a +3 dagger.
You are too injured to fight recklessly!
You are too injured to fight recklessly!
You are too injured to fight recklessly!
You are too injured to fight recklessly!
You are too injured to fight recklessly!
You are too injured to fight recklessly!
You are too injured to fight recklessly!
You are too injured to fight recklessly!
Unknown command.
The bat attacks as you move away! The bat barely misses you. x2
The bat barely misses you. The bat hits you.
The bat hits you but does no damage. The kobold attacks as you move away!
The kobold hits you with a +3 dagger.
* * * LOW HITPOINT WARNING * * *
The bat barely misses you. The bat closely misses you.
You are too injured to fight recklessly!
a - a +2 hand axe (weapon)
The bat misses you. The bat hits you but does no damage.
Unknown command.
You hit the bat.
You kill the bat!
Unknown command.
You closely miss the kobold. The kobold hits you with a +3 dagger.
You die...

#..#..###########.####
#.###.†....†..........
#..#..##########......
##.†.###########..####
#....................
#..#############+####
#..# #.........
#..#########.........
#..#@..>...#..⌠...⌠..
#..#K#####.#.........
#....#####.+....<....
#...K......#.........
###..#######..⌠...⌠..
#..# #......... #..#
#..(...... #..#
#####+#### #..#


You could see 2 kobolds.

Vanquished Creatures
  A hobgoblin (D:1)
  2 ball pythons (D:1)
  3 bats (D:1)
  2 rats (D:1)
8 creatures vanquished.

Notes
Turn   | Place    | Note
-------+----------+-------------------------------------------
     0 | D:1      | bande the Gnoll Wanderer began the quest for the Orb.
     0 | D:1      | bande set off with the following items: a +2 hand axe, a +0
                  | shortbow, a +0 ring mail, a scroll of blinking
     0 | D:1      | Reached XP level 1. HP: 20/20 MP: 1/1
   142 | D:1      | Slain by a kobold

Illustrated notes

Levels and vault maps discovered:
D:1:      mushboom_english_gardens, layout_loops_ring,
          ebering_ecumenical_altar_hall, minmay_quantized

Action                   || total
-------------------------++-------
Melee: Hand axe          ||     2
 Fire: Shortbow          ||    17
Armor: Ring mail         ||     4
Dodge: Dodged            ||    10

Table legend: (Time is in decaauts)
 A = Elapsed time spent in this place.
 B = Non-inter-level travel time spent in this place.
 C = Inter-level travel time spent in this place.
 D = Time resting spent in this place.
 E = Time spent auto-exploring this place.
 F = Levels seen in this place.
 G = Mean time per level.
                   A        B        C        D        E       F      G
               +--------+--------+--------+--------+--------+-----+--------+
         Total |    147 |    147 |      0 |      0 |     90 |   1 |  147.0 |
       Dungeon |    147 |    147 |      0 |      0 |     90 |   1 |  147.0 |
               +--------+--------+--------+--------+--------+-----+--------+

Top non-repeatable levels by time:
     D:1: 147 daAuts
